 Dungeon Crawl Stone Soup version 0.27.1-33-g824d729ab1 (webtiles) character file.

Game seed: 15211307444271372256

85 halfoni the Chopper (level 4, 0/37 HPs)
             Began as a Human Berserker on Dec 18, 2021.
             Was a Follower of Trog.
             Frozen to death by an endoplasm (5 damage)
             ... in a sewer.
             The game lasted 00:02:11 (1721 turns).

halfoni the Chopper (Human Berserker)               Turns: 1721, Time: 00:02:11

Health: 0/37       AC:  6    Str: 18    XL:     4   Next: 75%
Magic:  4/4        EV: 10    Int:  7    God:    Trog [*.....]
Gold:   64         SH:  0    Dex: 13    Spells: 3/3 levels left

rFire    . . .     SeeInvis .   c - +0 hand axe (elec)
rCold    . . .     Faith    .   (no shield)
rNeg     . . .     Spirit   .   f - +0 scale mail
rPois    .         Reflect  .   (no helmet)
rElec    .         Harm     .   (no cloak)
rCorr    .         Rampage  .   (no gloves)
Will     .....                  (no boots)
Stlth    ..........             (no amulet)
HPRegen  0.12/turn              (no ring)
MPRegen  0.09/turn              (no ring)

@: on berserk cooldown, slowed, very slow
A: no striking features
a: Renounce Religion, Berserk


You were in a sewer.
You worshipped Trog.
Trog was aware of your devotion.
You visited 1 branch of the dungeon, and saw 3 of its levels.
You also visited: Sewer.

You collected 64 gold pieces.

Inventory:

Hand Weapons
 a - a +0 hand axe
 c - a +0 hand axe of electrocution (weapon)
Armour
 b - a +0 animal skin
 f - a +0 scale mail (worn)
Scrolls
 h - a scroll of identify {unknown}
Potions
 d - a potion of might {unknown}
 e - a potion of flight {unknown}
 g - a potion of lignification {unknown}


   Skills:
 + Level 3.7 Fighting
 + Level 4.0 Axes
 + Level 2.5 Armour
 + Level 2.3 Dodging


You had 3 spell levels left.
You didn't know any spells.
Your spell library was empty.

Dungeon Overview and Level Annotations

Branches:
Dungeon (2/15)              Sewer (1/1)

Altars:

Shops:
D:1 ?


Message History

Your unstable footing causes you to fumble your attack.
The adder bites you but does no damage.
The endoplasm jiggles.
The adder bites you.
You are poisoned.
The adder poisons you!
Your unstable footing causes you to fumble your attack.
You feel very sick. The adder closely misses you. The adder bites you.
You are more poisoned.
The adder poisons you!
Your unstable footing causes you to fumble your attack.
You feel very sick. The adder bites you but does no damage.
The adder closely misses you.
Your unstable footing causes you to fumble your attack.
You feel sick. The adder barely misses you. The adder misses you.
Your unstable footing causes you to fumble your attack.
You feel sick. The adder closely misses you. x2
You hit the adder.
You kill the adder!
Trog accepts your kill.
You feel sick.
You hit the endoplasm.
The endoplasm is moderately wounded.
You feel sick. The endoplasm freezes you.
You are frozen.
* * * LOW HITPOINT WARNING * * *
The endoplasm closely misses you.
You're still recovering from your berserk rage.
Your unstable footing causes you to fumble your attack.
You feel sick.
You are no longer poisoned.
The endoplasm barely misses you.
You hit the endoplasm.
The endoplasm is heavily wounded.
The endoplasm splashes around in the water.
The endoplasm freezes you.
You are frozen.
You die...

#######################
#...#≈≈≈≈≈≈≈≈≈≈≈≈≈≈≈#.###
....≈≈≈≈≈≈≈≈.≈≈≈≈≈≈≈....##
..∩..≈≈≈≈≈#≈≈≈≈≈≈≈≈≈.....#
..∩..≈≈≈≈≈≈#≈≈≈≈@J≈≈.....#
....≈≈≈≈≈≈≈≈≈≈.≈†≈†≈.....#
#....≈≈≈≈≈≈≈≈≈≈≈≈≈≈≈#.....#
######################....#
#...# #... ... ..


You could see an endoplasm.

Vanquished Creatures
  A gnoll (D:1)
  A river rat (Sewer)
  3 adders
  A worm (D:3)
  A dart slug (D:1)
  2 endoplasms
  A giant cockroach (D:1)
  4 goblins
  3 hobgoblins
  A quokka (D:1)
  5 ball pythons
  4 bats
  2 frilled lizards (D:1)
  2 kobolds (D:1)
  5 rats (Sewer)
36 creatures vanquished.

Notes
Turn   | Place    | Note
-------+----------+-------------------------------------------
     0 | D:1      | halfoni the Human Berserker began the quest for the Orb.
     0 | D:1      | Reached XP level 1. HP: 18/18 MP: 1/1
    28 | D:1      | Found a faded altar of an unknown god.
   166 | D:1      | Found Puogigac's Magic Scroll Emporium.
   413 | D:1      | Reached XP level 2. HP: 24/24 MP: 2/2
   684 | D:1      | Reached XP level 3. HP: 29/29 MP: 3/3
  1508 | D:2      | You fall into a shaft and drop 1 floor!
  1508 | D:3      | Found a glowing drain.
  1513 | D:3      | Reached XP level 4. HP: 35/36 MP: 4/4
  1522 | Sewer    | Entered a sewer
  1692 | Sewer    | Reached skill level 4 in Axes
  1721 | Sewer    | Frozen to death by an endoplasm

Illustrated notes

Levels and vault maps discovered:
D:1:      erik_arrival_orb_chamber, layout_loops_ring,
          ebering_ecumenical_altar_webs, serial_glass, glass_columns_b,
          glass_columns_b, serial_shops, nicolae_shop_waterfront
D:2:      layout_basic, minmay_pentomino_v2
D:3:      layout_loops_corners, gammafunk_temple_overflow_arena,
          mainiacjoe_overflow_alcove_4, mainiacjoe_overflow_small_starburst,
          cheibrodos_sewer_entry_sluice
Sewer:    sewer_minmay_w

Skill      XL: |  1  2  3  4 |
---------------+-------------+-----
Axes           | 4 |  4.0
Fighting       | |  3.7
Armour         | |  2.5
Dodging        | |  2.3

Action                   |  1- 3 |  4- 6 || total
-------------------------+-------+-------++-------
Melee: Hand axe          |    64 |    30 ||    94
Invok: Berserk           |     3 |     2 ||     5
 Stab: Sleeping          |     1 |       ||     1
Armor: Animal skin       |     9 |       ||     9
       Scale mail        |    21 |    21 ||    42
Dodge: Dodged            |    32 |    26 ||    58
